Workbook

Sheet COTIZACIONES 
A1: ITEM | B1: DESCRIPCIÓN DEL SERVICIO | C1: UNIDAD DE MEDIDA | D1: CANTIDAD | E1: PROCOLDEXT SAS | H1: RODOLFO GUZMAN PARRA | K1: EXSOLVEN | N1: PROEXT S.A.S. | Q1: GLOBAL DE SUMINISTROS INDUSTRIALES S.A.S.
E2: VALOR UNITARIO | F2: IVA 19% | G2: VALOR TOTAL INCLUIDO IVA | H2: VALOR UNITARIO | I2: IVA 19% | J2: VALOR TOTAL INCLUIDO IVA | K2: VALOR UNITARIO | L2: IVA 19% | M2: VALOR TOTAL INCLUIDO IVA | N2: VALOR UNITARIO | O2: IVA 19% | P2: VALOR TOTAL INCLUIDO IVA | Q2: VALOR UNITARIO | R2: IVA 19% | S2: VALOR TOTAL INCLUIDO IVA
A3: 1 | B3: RECARGA DE EXTINTOR POLVO QUÍMICO SECO CLASE ABC PORTÁTIL DE 10 LIBRAS | C3: UNIDAD | D3: 341 | E3: 15300 | F3: =ROUND(E3*19%,0) -> 2907 | G3: =ROUND(E3+F3,0) -> 18207 | H3: 15000 | I3: =ROUND(H3*19%,0) -> 2850 | J3: =ROUND(H3+I3,0) -> 17850 | K3: 24000 | L3: =ROUND(K3*19%,0) -> 4560 | M3: =ROUND(K3+L3,0) -> 28560 | N3: 0 | O3: =ROUND(N3*19%,0) -> 0 | P3: =ROUND(N3+O3,0) -> 0 | Q3: 18460 | R3: =ROUND(Q3*19%,0) -> 3507 | S3: =ROUND(Q3+R3,0) -> 21967
A4: 2 | B4: RECARGA DE EXTINTOR POLVO QUÍMICO SECO CLASE ABC PORTÁTIL DE 20 LIBRAS | C4: UNIDAD | D4: 118 | E4: 18100 | F4: =ROUND(E4*19%,0) -> 3439 | G4: =ROUND(E4+F4,0) -> 21539 | H4: 17000 | I4: =ROUND(H4*19%,0) -> 3230 | J4: =ROUND(H4+I4,0) -> 20230 | K4: 32900 | L4: =ROUND(K4*19%,0) -> 6251 | M4: =ROUND(K4+L4,0) -> 39151 | N4: 0 | O4: =ROUND(N4*19%,0) -> 0 | P4: =ROUND(N4+O4,0) -> 0 | Q4: 20770 | R4: =ROUND(Q4*19%,0) -> 3946 | S4: =ROUND(Q4+R4,0) -> 24716
A5: 3 | B5: RECARGA DE EXTINTOR POLVO QUÍMICO SECO CLASE ABC RODANTE DE 150 LIBRAS | C5: UNIDAD | D5: 4 | E5: 104500 | F5: =ROUND(E5*19%,0) -> 19855 | G5: =ROUND(E5+F5,0) -> 124355 | H5: 50000 | I5: =ROUND(H5*19%,0) -> 9500 | J5: =ROUND(H5+I5,0) -> 59500 | K5: 174800 | L5: =ROUND(K5*19%,0) -> 33212 | M5: =ROUND(K5+L5,0) -> 208012 | N5: 0 | O5: =ROUND(N5*19%,0) -> 0 | P5: =ROUND(N5+O5,0) -> 0 | Q5: 141540 | R5: =ROUND(Q5*19%,0) -> 26893 | S5: =ROUND(Q5+R5,0) -> 168433
A6: 4 | B6: RECARGA DE EXTINTOR POLVO QUÍMICO SECO CLASE BC PORTÁTIL DE 10 LIBRAS | C6: UNIDAD | D6: 8 | E6: 15300 | F6: =ROUND(E6*19%,0) -> 2907 | G6: =ROUND(E6+F6,0) -> 18207 | H6: 15000 | I6: =ROUND(H6*19%,0) -> 2850 | J6: =ROUND(H6+I6,0) -> 17850 | K6: 22700 | L6: =ROUND(K6*19%,0) -> 4313 | M6: =ROUND(K6+L6,0) -> 27013 | N6: 0 | O6: =ROUND(N6*19%,0) -> 0 | P6: =ROUND(N6+O6,0) -> 0 | Q6: 18460 | R6: =ROUND(Q6*19%,0) -> 3507 | S6: =ROUND(Q6+R6,0) -> 21967
A7: 5 | B7: RECARGA DE EXTINTOR DE AGUA A PRESIÓN DE 2.5 GALONES | C7: UNIDAD | D7: 85 | E7: 16300 | F7: =ROUND(E7*19%,0) -> 3097 | G7: =ROUND(E7+F7,0) -> 19397 | H7: 10000 | I7: =ROUND(H7*19%,0) -> 1900 | J7: =ROUND(H7+I7,0) -> 11900 | K7: 20800 | L7: =ROUND(K7*19%,0) -> 3952 | M7: =ROUND(K7+L7,0) -> 24752 | O7: =ROUND(N7*19%,0) -> 0 | P7: =ROUND(N7+O7,0) -> 0 | Q7: 20000 | R7: =ROUND(Q7*19%,0) -> 3800 | S7: =ROUND(Q7+R7,0) -> 23800
A8: 6 | B8: BASE PARA EXTINTOR DE CO2 DE 10 LIBRAS | C8: UNIDAD | D8: 118 | E8: 27500 | F8: =ROUND(E8*19%,0) -> 5225 | G8: =ROUND(E8+F8,0) -> 32725 | H8: 20000 | I8: =ROUND(H8*19%,0) -> 3800 | J8: =ROUND(H8+I8,0) -> 23800 | K8: 31300 | L8: =ROUND(K8*19%,0) -> 5947 | M8: =ROUND(K8+L8,0) -> 37247 | N8: 25630.25 | O8: =ROUND(N8*19%,0) -> 4870 | P8: =ROUND(N8+O8,0) -> 30500 | Q8: 60000 | R8: =ROUND(Q8*19%,0) -> 11400 | S8: =ROUND(Q8+R8,0) -> 71400
A9: 7 | B9: BASE PARA EXTINTOR DE CO2 DE 20 LIBRAS | C9: UNIDAD | D9: 7 | E9: 28500 | F9: =ROUND(E9*19%,0) -> 5415 | G9: =ROUND(E9+F9,0) -> 33915 | H9: 30000 | I9: =ROUND(H9*19%,0) -> 5700 | J9: =ROUND(H9+I9,0) -> 35700 | K9: 31300 | L9: =ROUND(K9*19%,0) -> 5947 | M9: =ROUND(K9+L9,0) -> 37247 | N9: 38235.29 | O9: =ROUND(N9*19%,0) -> 7265 | P9: =ROUND(N9+O9,0) -> 45500 | Q9: 69230 | R9: =ROUND(Q9*19%,0) -> 13154 | S9: =ROUND(Q9+R9,0) -> 82384
A10: 8 | B10: MANTENIMIENTO PREVENTIVO Y REVISIÓN DE EXTINTOR DE CO2 DE 10 LIBRAS | C10: UNIDAD | D10: 118 | E10: 22000 | F10: =ROUND(E10*19%,0) -> 4180 | G10: =ROUND(E10+F10,0) -> 26180 | H10: 30000 | I10: =ROUND(H10*19%,0) -> 5700 | J10: =ROUND(H10+I10,0) -> 35700 | K10: 19500 | L10: =ROUND(K10*19%,0) -> 3705 | M10: =ROUND(K10+L10,0) -> 23205 | N10: 0 | O10: =ROUND(N10*19%,0) -> 0 | P10: =ROUND(N10+O10,0) -> 0 | Q10: 92310 | R10: =ROUND(Q10*19%,0) -> 17539 | S10: =ROUND(Q10+R10,0) -> 109849
A11: 9 | B11: MANTENIMIENTO PREVENTIVO Y REVISIÓN DE EXTINTOR DE CO2 DE 20 LIBRAS | C11: UNIDAD | D11: 7 | E11: 30000 | F11: =ROUND(E11*19%,0) -> 5700 | G11: =ROUND(E11+F11,0) -> 35700 | H11: 30000 | I11: =ROUND(H11*19%,0) -> 5700 | J11: =ROUND(H11+I11,0) -> 35700 | K11: 24400 | L11: =ROUND(K11*19%,0) -> 4636 | M11: =ROUND(K11+L11,0) -> 29036 | N11: 0 | O11: =ROUND(N11*19%,0) -> 0 | P11: =ROUND(N11+O11,0) -> 0 | Q11: 123080 | R11: =ROUND(Q11*19%,0) -> 23385 | S11: =ROUND(Q11+R11,0) -> 146465
A12: 10 | B12: MANTENIMIENTO CORRECTIVO DE EXTINTOR POLVO QUÍMICO SECO CLASE ABC PORTÁTIL DE 10 LIBRAS | C12: UNIDAD | D12: 1 | E12: 8000 | F12: =ROUND(E12*19%,0) -> 1520 | G12: =ROUND(E12+F12,0) -> 9520 | I12: =ROUND(H12*19%,0) -> 0 | J12: =ROUND(H12+I12,0) -> 0 | K12: 27800 | L12: =ROUND(K12*19%,0) -> 5282 | M12: =ROUND(K12+L12,0) -> 33082 | N12: 0 | O12: =ROUND(N12*19%,0) -> 0 | P12: =ROUND(N12+O12,0) -> 0 | Q12: 18460 | R12: =ROUND(Q12*19%,0) -> 3507 | S12: =ROUND(Q12+R12,0) -> 21967
A13: 11 | B13: MANTENIMIENTO CORRECTIVO DE EXTINTOR POLVO QUÍMICO SECO CLASE ABC PORTÁTIL DE 20 LIBRAS | C13: UNIDAD | D13: 1 | E13: 8000 | F13: =ROUND(E13*19%,0) -> 1520 | G13: =ROUND(E13+F13,0) -> 9520 | I13: =ROUND(H13*19%,0) -> 0 | J13: =ROUND(H13+I13,0) -> 0 | K13: 36800 | L13: =ROUND(K13*19%,0) -> 6992 | M13: =ROUND(K13+L13,0) -> 43792 | N13: 0 | O13: =ROUND(N13*19%,0) -> 0 | P13: =ROUND(N13+O13,0) -> 0 | Q13: 20770 | R13: =ROUND(Q13*19%,0) -> 3946 | S13: =ROUND(Q13+R13,0) -> 24716
A14: 12 | B14: MANTENIMIENTO CORRECTIVO DE EXTINTOR POLVO QUÍMICO SECO CLASE ABC RODANTE DE 150 LIBRAS | C14: UNIDAD | D14: 1 | E14: 28000 | F14: =ROUND(E14*19%,0) -> 5320 | G14: =ROUND(E14+F14,0) -> 33320 | I14: =ROUND(H14*19%,0) -> 0 | J14: =ROUND(H14+I14,0) -> 0 | K14: 622500 | L14: =ROUND(K14*19%,0) -> 118275 | M14: =ROUND(K14+L14,0) -> 740775 | N14: 0 | O14: =ROUND(N14*19%,0) -> 0 | P14: =ROUND(N14+O14,0) -> 0 | Q14: 141540 | R14: =ROUND(Q14*19%,0) -> 26893 | S14: =ROUND(Q14+R14,0) -> 168433
A15: 13 | B15: MANTENIMIENTO CORRECTIVO DE EXTINTOR POLVO QUÍMICO SECO CLASE BC PORTÁTIL DE 10 LIBRAS | C15: UNIDAD | D15: 1 | E15: 8000 | F15: =ROUND(E15*19%,0) -> 1520 | G15: =ROUND(E15+F15,0) -> 9520 | I15: =ROUND(H15*19%,0) -> 0 | J15: =ROUND(H15+I15,0) -> 0 | K15: 27800 | L15: =ROUND(K15*19%,0) -> 5282 | M15: =ROUND(K15+L15,0) -> 33082 | N15: 0 | O15: =ROUND(N15*19%,0) -> 0 | P15: =ROUND(N15+O15,0) -> 0 | Q15: 18460 | R15: =ROUND(Q15*19%,0) -> 3507 | S15: =ROUND(Q15+R15,0) -> 21967
A16: 14 | B16: MANTENIMIENTO CORRECTIVO DE EXTINTOR DE AGUA A PRESIÓN DE 2.5 GALONES | C16: UNIDAD | D16: 1 | E16: 8000 | F16: =ROUND(E16*19%,0) -> 1520 | G16: =ROUND(E16+F16,0) -> 9520 | I16: =ROUND(H16*19%,0) -> 0 | J16: =ROUND(H16+I16,0) -> 0 | K16: 101300 | L16: =ROUND(K16*19%,0) -> 19247 | M16: =ROUND(K16+L16,0) -> 120547 | N16: 0 | O16: =ROUND(N16*19%,0) -> 0 | P16: =ROUND(N16+O16,0) -> 0 | Q16: 20000 | R16: =ROUND(Q16*19%,0) -> 3800 | S16: =ROUND(Q16+R16,0) -> 23800
N17: 30500 | O17: =N17/1.19 -> 25630.252
N18: 45500 | O18: =N18/1.19 -> 38235.294

Sheet ALTOS 
A1: ITEM | B1: DESCRIPCIÓN DEL SERVICIO | C1: UNIDAD DE MEDIDA | D1: CANTIDAD | E1: PROCOLDEXT SAS | F1: COLOMBIA EXTINTORES SEGURIDAD INDUSTRIAL - RODOLFO GUZMAN PARRA | G1: EXSOLVEN | H1: PROEXT S.A.S. | I1: GLOBAL DE SUMINISTROS INDUSTRIALES S.A.S. | J1: PROYECCIÓN PRECIOS DE REFERENCIA | S1: PRECIOS DE REFERENCIA | T1: CANTIDAD | U1: VALOR TOTAL | V1: Distribución presupuestal
E2: VALOR UNITARIO INCLUIDO IVA | F2: VALOR UNITARIO INCLUIDO IVA | G2: VALOR UNITARIO INCLUIDO IVA | H2: VALOR UNITARIO INCLUIDO IVA | I2: VALOR UNITARIO INCLUIDO IVA | J2: MENOR VALOR | K2: PROMEDIO | L2: MEDIA GEOMETRICA | M2: MEDIANA | N2: MEDIA ARMONICA | O2: DESVIACIÓN ESTANDAR | P2: % DISPERSIÓN | Q2: VALOR DE REFERENCIA | R2: CRITERIO | S2: VALOR UNITARIO INCLUIDO IVA | X2: 30% Formación Artistica | Y2: 70% SAF | Z2: 1
A3: 1 | B3: RECARGA DE EXTINTOR POLVO QUÍMICO SECO CLASE ABC PORTÁTIL DE 10 LIBRAS | C3: UNIDAD | D3: 341 | E3: ='COTIZACIONES '!G3 -> 18207 | F3: ='COTIZACIONES '!J3 -> 17850 | G3: ='COTIZACIONES '!M3 -> 28560 | I3: ='COTIZACIONES '!S3 -> 21967 | J3: =MIN(E3:I3) -> 17850 | K3: =AVERAGE(E3:I3) -> 21646 | L3: =GEOMEAN(E3:I3) -> 21249.631 | M3: =MEDIAN(E3:I3) -> 20087 | N3: =HARMEAN(E3:I3) -> 20889.564 | O3: =STDEVA(E3:I3) -> 4971.3437 | P3: =O3/K3 -> 0.2296657 | Q3: =L3 -> 21249.631 | R3: MEDIA GEOMETRICA | S3: =ROUND(Q3,0) -> 21250 | T3: =D3 -> 341 | U3: =ROUND(S3*T3,0) -> 7246250 | V3: =U3+U4+U5+U6+U7 -> 12560585 | W3: mezclas quimicas para extintores | X3: =V3*30% -> 3768175.5 | Y3: =V3-X3 -> 8792409.5 | Z3: =X3+Y3 -> 12560585 | AB3: Recargas items 1 al 5 | AC3: servicio de recarga | AD3: =V3 -> 12560585
A4: 2 | B4: RECARGA DE EXTINTOR POLVO QUÍMICO SECO CLASE ABC PORTÁTIL DE 20 LIBRAS | C4: UNIDAD | D4: 118 | E4: ='COTIZACIONES '!G4 -> 21539 | F4: ='COTIZACIONES '!J4 -> 20230 | G4: ='COTIZACIONES '!M4 -> 39151 | I4: ='COTIZACIONES '!S4 -> 24716 | J4: =MIN(E4:I4) -> 20230 | K4: =AVERAGE(E4:I4) -> 26409 | L4: =GEOMEAN(E4:I4) -> 25482.124 | M4: =MEDIAN(E4:I4) -> 23127.5 | N4: =HARMEAN(E4:I4) -> 24712.608 | O4: =STDEVA(E4:I4) -> 8700.9914 | P4: =O4/K4 -> 0.32947069 | Q4: =L4 -> 25482.124 | R4: MEDIA GEOMETRICA | S4: =ROUND(Q4,0) -> 25482 | T4: =D4 -> 118 | U4: =ROUND(S4*T4,0) -> 3006876
A5: 3 | B5: RECARGA DE EXTINTOR POLVO QUÍMICO SECO CLASE ABC RODANTE DE 150 LIBRAS | C5: UNIDAD | D5: 4 | E5: ='COTIZACIONES '!G5 -> 124355 | F5: ='COTIZACIONES '!J5 -> 59500 | G5: ='COTIZACIONES '!M5 -> 208012 | I5: ='COTIZACIONES '!S5 -> 168433 | J5: =MIN(E5:I5) -> 59500 | K5: =AVERAGE(E5:I5) -> 140075 | L5: =GEOMEAN(E5:I5) -> 126888.99 | M5: =MEDIAN(E5:I5) -> 146394 | N5: =HARMEAN(E5:I5) -> 112382.56 | O5: =STDEVA(E5:I5) -> 63663.336 | P5: =O5/K5 -> 0.45449464 | Q5: =L5 -> 126888.99 | R5: MEDIA GEOMETRICA | S5: =ROUND(Q5,0) -> 126889 | T5: =D5 -> 4 | U5: =ROUND(S5*T5,0) -> 507556
A6: 4 | B6: RECARGA DE EXTINTOR POLVO QUÍMICO SECO CLASE BC PORTÁTIL DE 10 LIBRAS | C6: UNIDAD | D6: 8 | E6: ='COTIZACIONES '!G6 -> 18207 | F6: ='COTIZACIONES '!J6 -> 17850 | G6: ='COTIZACIONES '!M6 -> 27013 | I6: ='COTIZACIONES '!S6 -> 21967 | J6: =MIN(E6:I6) -> 17850 | K6: =AVERAGE(E6:I6) -> 21259.25 | L6: =GEOMEAN(E6:I6) -> 20955.839 | M6: =MEDIAN(E6:I6) -> 20087 | N6: =HARMEAN(E6:I6) -> 20673.076 | O6: =STDEVA(E6:I6) -> 4264.0265 | P6: =O6/K6 -> 0.20057276 | Q6: =L6 -> 20955.839 | R6: MEDIA GEOMETRICA | S6: =ROUND(Q6,0) -> 20956 | T6: =D6 -> 8 | U6: =ROUND(S6*T6,0) -> 167648
A7: 5 | B7: RECARGA DE EXTINTOR DE AGUA A PRESIÓN DE 2.5 GALONES | C7: UNIDAD | D7: 85 | E7: ='COTIZACIONES '!G7 -> 19397 | F7: ='COTIZACIONES '!J7 -> 11900 | G7: ='COTIZACIONES '!M7 -> 24752 | I7: ='COTIZACIONES '!S7 -> 23800 | J7: =MIN(E7:I7) -> 11900 | K7: =AVERAGE(E7:I7) -> 19962.25 | L7: =GEOMEAN(E7:I7) -> 19202.917 | M7: =MEDIAN(E7:I7) -> 21598.5 | N7: =HARMEAN(E7:I7) -> 18348.156 | O7: =STDEVA(E7:I7) -> 5859.1641 | P7: =O7/K7 -> 0.29351221 | Q7: =L7 -> 19202.917 | R7: MEDIA GEOMETRICA | S7: =ROUND(Q7,0) -> 19203 | T7: =D7 -> 85 | U7: =ROUND(S7*T7,0) -> 1632255
A8: 6 | B8: BASE PARA EXTINTOR DE CO2 DE 10 LIBRAS | C8: UNIDAD | D8: 118 | E8: ='COTIZACIONES '!G8 -> 32725 | F8: ='COTIZACIONES '!J8 -> 23800 | G8: ='COTIZACIONES '!M8 -> 37247 | H8: ='COTIZACIONES '!P8 -> 30500 | I8: ='COTIZACIONES '!S8 -> 71400 | J8: =MIN(E8:I8) -> 23800 | K8: =AVERAGE(E8:I8) -> 39134.4 | L8: =GEOMEAN(E8:I8) -> 36316.935 | M8: =MEDIAN(E8:I8) -> 32725 | N8: =HARMEAN(E8:I8) -> 34196.271 | O8: =STDEVA(E8:I8) -> 18677.582 | P8: =O8/K8 -> 0.47726763 | Q8: =L8 -> 36316.935 | R8: MEDIA GEOMETRICA | S8: =ROUND(Q8,0) -> 36317 | T8: =D8 -> 118 | U8: =ROUND(S8*T8,0) -> 4285406 | V8: =U8+U9 -> 4580862 | W8: equipos extintores de incendios | X8: =V8*30% -> 1374258.6 | Y8: =V8-X8 -> 3206603.4 | Z8: =X8+Y8 -> 4580862 | AB8: bases item 6 y 7 | AC8: bienes | AD8: =V8 -> 4580862
A9: 7 | B9: BASE PARA EXTINTOR DE CO2 DE 20 LIBRAS | C9: UNIDAD | D9: 7 | E9: ='COTIZACIONES '!G9 -> 33915 | F9: ='COTIZACIONES '!J9 -> 35700 | G9: ='COTIZACIONES '!M9 -> 37247 | H9: ='COTIZACIONES '!P9 -> 45500 | I9: ='COTIZACIONES '!S9 -> 82384 | J9: =MIN(E9:I9) -> 33915 | K9: =AVERAGE(E9:I9) -> 46949.2 | L9: =GEOMEAN(E9:I9) -> 44218.206 | M9: =MEDIAN(E9:I9) -> 37247 | N9: =HARMEAN(E9:I9) -> 42208.061 | O9: =STDEVA(E9:I9) -> 20299.586 | P9: =O9/K9 -> 0.43237342 | Q9: =N9 -> 42208.061 | R9: MEDIA ARMONICA | S9: =ROUND(Q9,0) -> 42208 | T9: =D9 -> 7 | U9: =ROUND(S9*T9,0) -> 295456
A10: 8 | B10: MANTENIMIENTO PREVENTIVO Y REVISIÓN DE EXTINTOR DE CO2 DE 10 LIBRAS | C10: UNIDAD | D10: 118 | E10: ='COTIZACIONES '!G10 -> 26180 | F10: ='COTIZACIONES '!J10 -> 35700 | G10: ='COTIZACIONES '!M10 -> 23205 | I10: ='COTIZACIONES '!S10 -> 109849 | J10: =MIN(E10:I10) -> 23205 | K10: =AVERAGE(E10:I10) -> 48733.5 | L10: =GEOMEAN(E10:I10) -> 39287.454 | M10: =MEDIAN(E10:I10) -> 30940 | N10: =HARMEAN(E10:I10) -> 33782.11 | O10: =STDEVA(E10:I10) -> 41090.717 | P10: =O10/K10 -> 0.84317189 | Q10: =M10 -> 30940 | R10: MEDIANA | S10: =ROUND(Q10,0) -> 30940 | T10: =D10 -> 118 | U10: =ROUND(S10*T10,0) -> 3650920
A11: 9 | B11: MANTENIMIENTO PREVENTIVO Y REVISIÓN DE EXTINTOR DE CO2 DE 20 LIBRAS | C11: UNIDAD | D11: 7 | E11: ='COTIZACIONES '!G11 -> 35700 | F11: ='COTIZACIONES '!J11 -> 35700 | G11: ='COTIZACIONES '!M11 -> 29036 | I11: ='COTIZACIONES '!S11 -> 146465 | J11: =MIN(E11:I11) -> 29036 | K11: =AVERAGE(E11:I11) -> 61725.25 | L11: =GEOMEAN(E11:I11) -> 48250.495 | M11: =MEDIAN(E11:I11) -> 35700 | N11: =HARMEAN(E11:I11) -> 41114.201 | O11: =STDEVA(E11:I11) -> 56580.443 | P11: =O11/K11 -> 0.91664988 | Q11: =K11 -> 61725.25 | R11: PROMEDIO | S11: =ROUND(Q11,0) -> 61725 | T11: =D11 -> 7 | U11: =ROUND(S11*T11,0) -> 432075
J12: =MIN(E12:I12) -> 0 | S12: PRESUPUESTO ÍTEMS FIJOS (ITEMS DEL 1 AL 9) | U12: =SUM(U3:U11) -> 21224442
A13: 10 | B13: MANTENIMIENTO CORRECTIVO DE EXTINTOR POLVO QUÍMICO SECO CLASE ABC PORTÁTIL DE 10 LIBRAS | C13: UNIDAD | D13: 1 | E13: ='COTIZACIONES '!G12 -> 9520 | G13: ='COTIZACIONES '!M12 -> 33082 | I13: ='COTIZACIONES '!S12 -> 21967 | J13: =MIN(E13:I13) -> 9520 | K13: =AVERAGE(E13:I13) -> 21523 | L13: =GEOMEAN(E13,G13,I13) -> 19054.599 | M13: =MEDIAN(E13,G13,I13) -> 21967 | N13: =HARMEAN(E13,G13,I13) -> 16593.584 | O13: =STDEVA(E13:I13) -> 11787.273 | P13: =O13/K13 -> 0.5476594 | Q13: =E13 -> 9520 | R13: UNICO VALOR COTIZADO | S13: =ROUND(Q13,0) -> 9520 | T13: =D13 -> 1 | U13: =ROUND(S13*T13,0) -> 9520
A14: 11 | B14: MANTENIMIENTO CORRECTIVO DE EXTINTOR POLVO QUÍMICO SECO CLASE ABC PORTÁTIL DE 20 LIBRAS | C14: UNIDAD | D14: 1 | E14: ='COTIZACIONES '!G13 -> 9520 | G14: ='COTIZACIONES '!M13 -> 43792 | I14: ='COTIZACIONES '!S13 -> 24716 | J14: =MIN(E14:I14) -> 9520 | K14: =AVERAGE(E14:I14) -> 26009.333 | L14: =GEOMEAN(E14,G14,I14) -> 21760.555 | M14: =MEDIAN(E14,G14,I14) -> 24716 | N14: =HARMEAN(E14,G14,I14) -> 17821.409 | O14: =STDEVA(E14:I14) -> 17172.566 | P14: =O14/K14 -> 0.6602463 | Q14: =E14 -> 9520 | R14: UNICO VALOR COTIZADO | S14: =ROUND(Q14,0) -> 9520 | T14: =D14 -> 1 | U14: =ROUND(S14*T14,0) -> 9520
A15: 12 | B15: MANTENIMIENTO CORRECTIVO DE EXTINTOR POLVO QUÍMICO SECO CLASE ABC RODANTE DE 150 LIBRAS | C15: UNIDAD | D15: 1 | E15: ='COTIZACIONES '!G14 -> 33320 | G15: ='COTIZACIONES '!M14 -> 740775 | I15: ='COTIZACIONES '!S14 -> 168433 | J15: =MIN(E15:I15) -> 33320 | K15: =AVERAGE(E15:I15) -> 314176 | L15: =GEOMEAN(E15,G15,I15) -> 160795.11 | M15: =MEDIAN(E15,G15,I15) -> 168433 | N15: =HARMEAN(E15,G15,I15) -> 80431.065 | O15: =STDEVA(E15:I15) -> 375571.45 | P15: =O15/K15 -> 1.1954174 | Q15: =E15 -> 33320 | R15: UNICO VALOR COTIZADO | S15: =ROUND(Q15,0) -> 33320 | T15: =D15 -> 1 | U15: =ROUND(S15*T15,0) -> 33320
A16: 13 | B16: MANTENIMIENTO CORRECTIVO DE EXTINTOR POLVO QUÍMICO SECO CLASE BC PORTÁTIL DE 10 LIBRAS | C16: UNIDAD | D16: 1 | E16: ='COTIZACIONES '!G15 -> 9520 | G16: ='COTIZACIONES '!M15 -> 33082 | I16: ='COTIZACIONES '!S15 -> 21967 | J16: =MIN(E16:I16) -> 9520 | K16: =AVERAGE(E16:I16) -> 21523 | L16: =GEOMEAN(E16,G16,I16) -> 19054.599 | M16: =MEDIAN(E16,G16,I16) -> 21967 | N16: =HARMEAN(E16,G16,I16) -> 16593.584 | O16: =STDEVA(E16:I16) -> 11787.273 | P16: =O16/K16 -> 0.5476594 | Q16: =E16 -> 9520 | R16: UNICO VALOR COTIZADO | S16: =ROUND(Q16,0) -> 9520 | T16: =D16 -> 1 | U16: =ROUND(S16*T16,0) -> 9520
A17: 14 | B17: MANTENIMIENTO CORRECTIVO DE EXTINTOR DE AGUA A PRESIÓN DE 2.5 GALONES | C17: UNIDAD | D17: 1 | E17: ='COTIZACIONES '!G16 -> 9520 | G17: ='COTIZACIONES '!M16 -> 120547 | I17: ='COTIZACIONES '!S16 -> 23800 | J17: =MIN(E17:I17) -> 9520 | K17: =AVERAGE(E17:I17) -> 51289 | L17: =GEOMEAN(E17,G17,I17) -> 30115.502 | M17: =MEDIAN(E17,G17,I17) -> 23800 | N17: =HARMEAN(E17,G17,I17) -> 19310.693 | O17: =STDEVA(E17:I17) -> 60402.67 | P17: =O17/K17 -> 1.1776925 | Q17: =E17 -> 9520 | R17: UNICO VALOR COTIZADO | S17: =ROUND(Q17,0) -> 9520 | T17: =D17 -> 1 | U17: =ROUND(S17*T17,0) -> 9520
S18: PRESUPUESTO CORRECTIVOS (ITEMS DEL 10 AL 14) | U18: =SUM(U13:U17) -> 71400 | V18: =U10+U11+U13+U14+U15+U16+U17 -> 4154395 | W18: del item 8 al 14 preventivos + correctivos
S19: PRESUPUESTO ÍTEMS FIJOS + CORRECTIVOS | U19: =U12+U18 -> 21295842 | V19: =V3+V8+V18 -> 21295842
S20: BOLSA REPUESTOS, INSUMOS E IMPREVISTOS 30% | U20: =U19*30% -> 6388752.6 | V20: =U22-V19 -> 6388752.6 | W20: 30% bolsa de repuestos
S21: BOLSA CORRECTIVOS, REPUESTOS, INSUMOS E IMPREVISTOS | U21: =U18+U20 -> 6460152.6 | V21: =V18+V20 -> 10543148 | W21: rubro en blanco | X21: =V21*30% -> 3162944.3 | Y21: =V21-X21 -> 7380203.3 | Z21: =X21+Y21 -> 10543148 | AA21: =Z3+Z8+Z21 -> 27684595 | AB21: servicio mantenimientos preventivos items 8 y 9 + servicios mantenimientos correctivos 110 al 14 + bolsa de repuestos | AC21: servicios | AD21: =V21 -> 10543148
S22: PRESUPUESTO TOTAL | U22: =U12+U21 -> 27684595 | V22: =V3+V8+V21 -> 27684595 | X22: =X3+X8+X21 -> 8305378.4 | Y22: =Y3+Y8+Y21 -> 19379216 | Z22: =X22+Y22 -> 27684595 | AD22: =AD3+AD8+AD21 -> 27684595

Sheet ANÁLISIS ESTADÍSTICO
A1: ITEM | B1: DESCRIPCIÓN DEL SERVICIO | C1: UNIDAD DE MEDIDA | D1: CANTIDAD | E1: PROCOLDEXT SAS | F1: COLOMBIA EXTINTORES SEGURIDAD INDUSTRIAL - RODOLFO GUZMAN PARRA | G1: EXSOLVEN | H1: PROEXT S.A.S. | I1: GLOBAL DE SUMINISTROS INDUSTRIALES S.A.S. | J1: PROYECCIÓN PRECIOS DE REFERENCIA
E2: VALOR UNITARIO INCLUIDO IVA | F2: VALOR UNITARIO INCLUIDO IVA | G2: VALOR UNITARIO INCLUIDO IVA | H2: VALOR UNITARIO INCLUIDO IVA | I2: VALOR UNITARIO INCLUIDO IVA | J2: MENOR VALOR | K2: PROMEDIO | L2: MEDIA GEOMETRICA | M2: MEDIANA | N2: MEDIA ARMONICA | O2: DESVIACIÓN ESTANDAR | P2: % DISPERSIÓN | Q2: VALOR DE REFERENCIA | R2: CRITERIO
A3: 1 | B3: RECARGA DE EXTINTOR POLVO QUÍMICO SECO CLASE ABC PORTÁTIL DE 10 LIBRAS | C3: UNIDAD | D3: 341 | E3: ='COTIZACIONES '!G3 -> 18207 | F3: ='COTIZACIONES '!J3 -> 17850 | I3: ='COTIZACIONES '!S3 -> 21967 | J3: =MIN(E3:I3) -> 17850 | K3: =AVERAGE(E3:I3) -> 19341.333 | L3: =GEOMEAN(E3:I3) -> 19255.248 | M3: =MEDIAN(E3:I3) -> 18207 | N3: =HARMEAN(E3:I3) -> 19173.106 | O3: =STDEVA(E3:I3) -> 2280.8894 | P3: =O3/K3 -> 0.11792824 | Q3: =K3 -> 19341.333 | R3: PROMEDIO
A4: 2 | B4: RECARGA DE EXTINTOR POLVO QUÍMICO SECO CLASE ABC PORTÁTIL DE 20 LIBRAS | C4: UNIDAD | D4: 118 | E4: ='COTIZACIONES '!G4 -> 21539 | F4: ='COTIZACIONES '!J4 -> 20230 | I4: ='COTIZACIONES '!S4 -> 24716 | J4: =MIN(E4:I4) -> 20230 | K4: =AVERAGE(E4:I4) -> 22161.667 | L4: =GEOMEAN(E4:I4) -> 22083.43 | M4: =MEDIAN(E4:I4) -> 21539 | N4: =HARMEAN(E4:I4) -> 22007.273 | O4: =STDEVA(E4:I4) -> 2306.9101 | P4: =O4/K4 -> 0.10409461 | Q4: =K4 -> 22161.667 | R4: PROMEDIO
A5: 3 | B5: RECARGA DE EXTINTOR POLVO QUÍMICO SECO CLASE ABC RODANTE DE 150 LIBRAS | C5: UNIDAD | D5: 4 | E5: ='COTIZACIONES '!G5 -> 124355 | F5: ='COTIZACIONES '!J5 -> 59500 | J5: =MIN(E5:I5) -> 59500 | K5: =AVERAGE(E5:I5) -> 91927.5 | L5: =GEOMEAN(E5:I5) -> 86018.152 | M5: =MEDIAN(E5:I5) -> 91927.5 | N5: =HARMEAN(E5:I5) -> 80488.673 | O5: =STDEVA(E5:I5) -> 45859.41 | P5: =O5/K5 -> 0.49886498 | Q5: =L5 -> 86018.152 | R5: MEDIA GEOMETRICA
A6: 4 | B6: RECARGA DE EXTINTOR POLVO QUÍMICO SECO CLASE BC PORTÁTIL DE 10 LIBRAS | C6: UNIDAD | D6: 8 | E6: ='COTIZACIONES '!G6 -> 18207 | F6: ='COTIZACIONES '!J6 -> 17850 | I6: ='COTIZACIONES '!S6 -> 21967 | J6: =MIN(E6:I6) -> 17850 | K6: =AVERAGE(E6:I6) -> 19341.333 | L6: =GEOMEAN(E6:I6) -> 19255.248 | M6: =MEDIAN(E6:I6) -> 18207 | N6: =HARMEAN(E6:I6) -> 19173.106 | O6: =STDEVA(E6:I6) -> 2280.8894 | P6: =O6/K6 -> 0.11792824 | Q6: =K6 -> 19341.333 | R6: PROMEDIO
A7: 5 | B7: RECARGA DE EXTINTOR DE AGUA A PRESIÓN DE 2.5 GALONES | C7: UNIDAD | D7: 85 | E7: ='COTIZACIONES '!G7 -> 19397 | F7: ='COTIZACIONES '!J7 -> 11900 | I7: ='COTIZACIONES '!S7 -> 23800 | J7: =MIN(E7:I7) -> 11900 | K7: =AVERAGE(E7:I7) -> 18365.667 | L7: =GEOMEAN(E7:I7) -> 17644.912 | M7: =MEDIAN(E7:I7) -> 19397 | N7: =HARMEAN(E7:I7) -> 16891.437 | O7: =STDEVA(E7:I7) -> 6016.6632 | P7: =O7/K7 -> 0.32760386 | Q7: =L7 -> 17644.912 | R7: MEDIA GEOMETRICA
A8: 6 | B8: BASE PARA EXTINTOR DE CO2 DE 10 LIBRAS | C8: UNIDAD | D8: 118 | E8: ='COTIZACIONES '!G8 -> 32725 | F8: ='COTIZACIONES '!J8 -> 23800 | G8: ='COTIZACIONES '!M8 -> 37247 | H8: ='COTIZACIONES '!P8 -> 30500 | J8: =MIN(E8:I8) -> 23800 | K8: =AVERAGE(E8:I8) -> 31068 | L8: =GEOMEAN(E8:I8) -> 30669.87 | M8: =MEDIAN(E8:I8) -> 31612.5 | N8: =HARMEAN(E8:I8) -> 30255.088 | O8: =STDEVA(E8:I8) -> 5599.766 | P8: =O8/K8 -> 0.18024224 | Q8: =M8 -> 31612.5 | R8: MEDIANA
A9: 7 | B9: BASE PARA EXTINTOR DE CO2 DE 20 LIBRAS | C9: UNIDAD | D9: 7 | E9: ='COTIZACIONES '!G9 -> 33915 | F9: ='COTIZACIONES '!J9 -> 35700 | G9: ='COTIZACIONES '!M9 -> 37247 | H9: ='COTIZACIONES '!P9 -> 45500 | J9: =MIN(E9:I9) -> 33915 | K9: =AVERAGE(E9:I9) -> 38090.5 | L9: =GEOMEAN(E9:I9) -> 37847.804 | M9: =MEDIAN(E9:I9) -> 36473.5 | N9: =HARMEAN(E9:I9) -> 37621.386 | O9: =STDEVA(E9:I9) -> 5123.8486 | P9: =O9/K9 -> 0.13451776 | Q9: =K9 -> 38090.5 | R9: PROMEDIO
A10: 8 | B10: MANTENIMIENTO PREVENTIVO Y REVISIÓN DE EXTINTOR DE CO2 DE 10 LIBRAS | C10: UNIDAD | D10: 118 | E10: ='COTIZACIONES '!G10 -> 26180 | F10: ='COTIZACIONES '!J10 -> 35700 | G10: ='COTIZACIONES '!M10 -> 23205 | J10: =MIN(E10:I10) -> 23205 | K10: =AVERAGE(E10:I10) -> 28361.667 | L10: =GEOMEAN(E10:I10) -> 27887.301 | M10: =MEDIAN(E10:I10) -> 26180 | N10: =HARMEAN(E10:I10) -> 27446.774 | O10: =STDEVA(E10:I10) -> 6526.9448 | P10: =O10/K10 -> 0.23013262 | Q10: =M10 -> 26180 | R10: MEDIANA
A11: 9 | B11: MANTENIMIENTO PREVENTIVO Y REVISIÓN DE EXTINTOR DE CO2 DE 20 LIBRAS | C11: UNIDAD | D11: 7 | E11: ='COTIZACIONES '!G11 -> 35700 | F11: ='COTIZACIONES '!J11 -> 35700 | G11: ='COTIZACIONES '!M11 -> 29036 | J11: =MIN(E11:I11) -> 29036 | K11: =AVERAGE(E11:I11) -> 33478.667 | L11: =GEOMEAN(E11:I11) -> 33324.047 | M11: =MEDIAN(E11:I11) -> 35700 | N11: =HARMEAN(E11:I11) -> 33162.944 | O11: =STDEVA(E11:I11) -> 3847.4622 | P11: =O11/K11 -> 0.1149228 | Q11: =K11 -> 33478.667 | R11: PROMEDIO
A12: 10 | B12: MANTENIMIENTO CORRECTIVO DE EXTINTOR POLVO QUÍMICO SECO CLASE ABC PORTÁTIL DE 10 LIBRAS | C12: UNIDAD | D12: 1 | E12: ='COTIZACIONES '!G12 -> 9520 | G12: ='COTIZACIONES '!M12 -> 33082 | I12: ='COTIZACIONES '!S12 -> 21967 | J12: =MIN(E12:I12) -> 9520 | K12: =AVERAGE(E12:I12) -> 21523 | L12: =GEOMEAN(E12,G12,I12) -> 19054.599 | M12: =MEDIAN(E12,G12,I12) -> 21967 | N12: =HARMEAN(E12,G12,I12) -> 16593.584 | O12: =STDEVA(E12:I12) -> 11787.273 | P12: =O12/K12 -> 0.5476594 | Q12: =N12 -> 16593.584 | R12: MEDIA ARMONICA
A13: 11 | B13: MANTENIMIENTO CORRECTIVO DE EXTINTOR POLVO QUÍMICO SECO CLASE ABC PORTÁTIL DE 20 LIBRAS | C13: UNIDAD | D13: 1 | E13: ='COTIZACIONES '!G13 -> 9520 | G13: ='COTIZACIONES '!M13 -> 43792 | I13: ='COTIZACIONES '!S13 -> 24716 | J13: =MIN(E13:I13) -> 9520 | K13: =AVERAGE(E13:I13) -> 26009.333 | L13: =GEOMEAN(E13,G13,I13) -> 21760.555 | M13: =MEDIAN(E13,G13,I13) -> 24716 | N13: =HARMEAN(E13,G13,I13) -> 17821.409 | O13: =STDEVA(E13:I13) -> 17172.566 | P13: =O13/K13 -> 0.6602463 | Q13: =N13 -> 17821.409 | R13: MEDIA ARMONICA
A14: 12 | B14: MANTENIMIENTO CORRECTIVO DE EXTINTOR POLVO QUÍMICO SECO CLASE ABC RODANTE DE 150 LIBRAS | C14: UNIDAD | D14: 1 | E14: ='COTIZACIONES '!G14 -> 33320 | I14: ='COTIZACIONES '!S14 -> 168433 | J14: =MIN(E14:I14) -> 33320 | K14: =AVERAGE(E14:I14) -> 100876.5 | L14: =GEOMEAN(E14,G14,I14) -> 74914.535 | M14: =MEDIAN(E14,G14,I14) -> 100876.5 | N14: =HARMEAN(E14,G14,I14) -> 55634.241 | O14: =STDEVA(E14:I14) -> 95539.319 | P14: =O14/K14 -> 0.94709192 | Q14: =J14 -> 33320 | R14: MENOR VALOR
A15: 13 | B15: MANTENIMIENTO CORRECTIVO DE EXTINTOR POLVO QUÍMICO SECO CLASE BC PORTÁTIL DE 10 LIBRAS | C15: UNIDAD | D15: 1 | E15: ='COTIZACIONES '!G15 -> 9520 | G15: ='COTIZACIONES '!M15 -> 33082 | I15: ='COTIZACIONES '!S15 -> 21967 | J15: =MIN(E15:I15) -> 9520 | K15: =AVERAGE(E15:I15) -> 21523 | L15: =GEOMEAN(E15,G15,I15) -> 19054.599 | M15: =MEDIAN(E15,G15,I15) -> 21967 | N15: =HARMEAN(E15,G15,I15) -> 16593.584 | O15: =STDEVA(E15:I15) -> 11787.273 | P15: =O15/K15 -> 0.5476594 | Q15: =N15 -> 16593.584 | R15: MEDIA ARMONICA
A16: 14 | B16: MANTENIMIENTO CORRECTIVO DE EXTINTOR DE AGUA A PRESIÓN DE 2.5 GALONES | C16: UNIDAD | D16: 1 | E16: ='COTIZACIONES '!G16 -> 9520 | I16: ='COTIZACIONES '!S16 -> 23800 | J16: =MIN(E16:I16) -> 9520 | K16: =AVERAGE(E16:I16) -> 16660 | L16: =GEOMEAN(E16,G16,I16) -> 15052.442 | M16: =MEDIAN(E16,G16,I16) -> 16660 | N16: =HARMEAN(E16,G16,I16) -> 13600 | O16: =STDEVA(E16:I16) -> 10097.485 | P16: =O16/K16 -> 0.60609153 | Q16: =N16 -> 13600 | R16: MEDIA ARMONICA

Sheet PRECIOS DE REFERENCIA
A1: ITEM | B1: DESCRIPCIÓN DEL SERVICIO | C1: UNIDAD DE MEDIDA | D1: CANTIDAD | E1: PRECIOS DE REFERENCIA | F1: CANTIDAD | G1: VALOR TOTAL
E2: VALOR UNITARIO INCLUIDO IVA
A3: RECARGAS
A4: 1 | B4: RECARGA DE EXTINTOR POLVO QUÍMICO SECO CLASE ABC PORTÁTIL DE 10 LIBRAS | C4: UNIDAD | D4: 341 | E4: ='ANÁLISIS ESTADÍSTICO'!Q3 -> 19341.333 | F4: =D4 -> 341 | G4: =ROUND(E4*F4,0) -> 6595395
A5: 2 | B5: RECARGA DE EXTINTOR POLVO QUÍMICO SECO CLASE ABC PORTÁTIL DE 20 LIBRAS | C5: UNIDAD | D5: 118 | E5: ='ANÁLISIS ESTADÍSTICO'!Q4 -> 22161.667 | F5: =D5 -> 118 | G5: =ROUND(E5*F5,0) -> 2615077
A6: 3 | B6: RECARGA DE EXTINTOR POLVO QUÍMICO SECO CLASE ABC RODANTE DE 150 LIBRAS | C6: UNIDAD | D6: 4 | E6: ='ANÁLISIS ESTADÍSTICO'!Q5 -> 86018.152 | F6: =D6 -> 4 | G6: =ROUND(E6*F6,0) -> 344073
A7: 4 | B7: RECARGA DE EXTINTOR POLVO QUÍMICO SECO CLASE BC PORTÁTIL DE 10 LIBRAS | C7: UNIDAD | D7: 8 | E7: ='ANÁLISIS ESTADÍSTICO'!Q6 -> 19341.333 | F7: =D7 -> 8 | G7: =ROUND(E7*F7,0) -> 154731
A8: 5 | B8: RECARGA DE EXTINTOR DE AGUA A PRESIÓN DE 2.5 GALONES | C8: UNIDAD | D8: 85 | E8: ='ANÁLISIS ESTADÍSTICO'!Q7 -> 17644.912 | F8: =D8 -> 85 | G8: =ROUND(E8*F8,0) -> 1499818
A9: VALOR TOTAL RECARGAS | G9: =SUM(G4:G8) -> 11209094
A10: BASES
A11: 6 | B11: BASE PARA EXTINTOR DE CO2 DE 10 LIBRAS | C11: UNIDAD | D11: 118 | E11: ='ANÁLISIS ESTADÍSTICO'!Q8 -> 31612.5 | F11: =D11 -> 118 | G11: =ROUND(E11*F11,0) -> 3730275
A12: 7 | B12: BASE PARA EXTINTOR DE CO2 DE 20 LIBRAS | C12: UNIDAD | D12: 7 | E12: ='ANÁLISIS ESTADÍSTICO'!Q9 -> 38090.5 | F12: =D12 -> 7 | G12: =ROUND(E12*F12,0) -> 266634
A13: VALOR TOTAL BASES | G13: =G11+G12 -> 3996909
A14: MANTENIMIENTOS PREVENTIVOS
A15: 8 | B15: MANTENIMIENTO PREVENTIVO Y REVISIÓN DE EXTINTOR DE CO2 DE 10 LIBRAS | C15: UNIDAD | D15: 118 | E15: ='ANÁLISIS ESTADÍSTICO'!Q10 -> 26180 | F15: =D15 -> 118 | G15: =ROUND(E15*F15,0) -> 3089240
A16: 9 | B16: MANTENIMIENTO PREVENTIVO Y REVISIÓN DE EXTINTOR DE CO2 DE 20 LIBRAS | C16: UNIDAD | D16: 7 | E16: ='ANÁLISIS ESTADÍSTICO'!Q11 -> 33478.667 | F16: =D16 -> 7 | G16: =ROUND(E16*F16,0) -> 234351
A17: VALOR TOTAL MANTENIMIENTOS PREVENTIVOS | G17: =G15+G16 -> 3323591
A18: MANTENIMIENTOS CORRECTIVOS
A19: 10 | B19: MANTENIMIENTO CORRECTIVO DE EXTINTOR POLVO QUÍMICO SECO CLASE ABC PORTÁTIL DE 10 LIBRAS | C19: UNIDAD | D19: 341 | E19: ='ANÁLISIS ESTADÍSTICO'!Q12 -> 16593.584 | F19: 341 | G19: =ROUND(E19*F19,0) -> 5658412
A20: 11 | B20: MANTENIMIENTO CORRECTIVO DE EXTINTOR POLVO QUÍMICO SECO CLASE ABC PORTÁTIL DE 20 LIBRAS | C20: UNIDAD | D20: 118 | E20: ='ANÁLISIS ESTADÍSTICO'!Q13 -> 17821.409 | F20: 118 | G20: =ROUND(E20*F20,0) -> 2102926
A21: 12 | B21: MANTENIMIENTO CORRECTIVO DE EXTINTOR POLVO QUÍMICO SECO CLASE ABC RODANTE DE 150 LIBRAS | C21: UNIDAD | D21: 4 | E21: ='ANÁLISIS ESTADÍSTICO'!Q14 -> 33320 | F21: 4 | G21: =ROUND(E21*F21,0) -> 133280
A22: 13 | B22: MANTENIMIENTO CORRECTIVO DE EXTINTOR POLVO QUÍMICO SECO CLASE BC PORTÁTIL DE 10 LIBRAS | C22: UNIDAD | D22: 8 | E22: ='ANÁLISIS ESTADÍSTICO'!Q15 -> 16593.584 | F22: 8 | G22: =ROUND(E22*F22,0) -> 132749
A23: 14 | B23: MANTENIMIENTO CORRECTIVO DE EXTINTOR DE AGUA A PRESIÓN DE 2.5 GALONES | C23: UNIDAD | D23: 85 | E23: ='ANÁLISIS ESTADÍSTICO'!Q16 -> 13600 | F23: 85 | G23: =ROUND(E23*F23,0) -> 1156000
A24: VALOR TOTAL MANTENIMIENTOS CORRECTIVOS | G24: =SUM(G19:G23) -> 9183367
A25: VALOR TOTAL PRESUPUESTO OFICIAL | G25: =G9+G13+G17+G24 -> 27712961
